 Dungeon Crawl Stone Soup version 0.31.0-11-ge490571c62 (webtiles) character file.

Game seed: 13329149344722449754

928 Gadfly the Insei (level 7, -2/53 HPs)
             Began as a Demonspawn Monk on Feb 3, 2024.
             Killed from afar by Blork the orc (11 damage)
             ... with a puff of frost
             ... on level 5 of the Dungeon.
             The game lasted 00:08:26 (4309 turns).

Gadfly the Insei (Demonspawn Monk)                  Turns: 4309, Time: 00:08:27

Health: -2/53      AC:  3    Str: 13    XL:     7   Next: 85%
Magic:  7/7        EV: 14    Int: 10    God:
Gold:   223        SH:  0    Dex: 16    Spells: 6/6 levels left

rFire   . .          .
                       - Unarmed
rCold   . . .        c - orb {light}
rNeg    . . .        a - +0 robe
rPois   .            (no helmet)
rElec   .            d - scarf {repulsion}
rCorr   .            (no gloves)
SInv    .            (no boots)
Will    .....        f - amulet of regeneration
Stlth   +            (no ring)
HPRegen 1.08/turn    (no ring)
MPRegen 0.10/turn

%: repel missiles
@: glowing
A: claws 1, rugged brown scales 1
a: no special abilities


You were on level 5 of the Dungeon.
You visited 1 branch of the dungeon, and saw 5 of its levels.
You also visited: Sewer.

You collected 271 gold pieces.
You spent 48 gold pieces at shops.

Inventory:

Hand Weapons
 b - a +3 long sword of freezing
 r - a +2 dagger of holy wrath
 u - a +0 dagger of venom
Armour
 a - a +0 robe (worn)
 c - an orb of light (worn)
 d - a scarf of repulsion (worn)
Jewellery
 f - an amulet of regeneration (around neck)
Talismans
 i - a dragon-blood talisman
 m - a flux talisman
 t - a serpent talisman
Scrolls
 e - 2 scrolls of poison
 h - a scroll of immolation {unknown}
 k - a scroll of blinking
 l - a scroll of fear
 p - a scroll of identify
 v - a scroll of teleportation
Potions
 g - 2 potions of invisibility
 j - 2 potions of haste
 n - 2 potions of lignification
 o - 3 potions of might
 q - a potion of attraction
 s - a potion of cancellation


   Skills:
 + Level 3.5 Fighting
 * Level 4.3 Dodging
 * Level 5.1 Unarmed Combat
 + Level 4.1 Evocations
 * Level 3.5 Shapeshifting


You had 6 spell levels left.
You didn't know any spells.
Your spell library was empty.

Dungeon Overview and Level Annotations

Branches:
Dungeon (5/15)             Temple (0/1) D:5           Sewer (visited)

Altars:

Shops:
D:3 !   D:5 *

Annotations:
D:5 Blork the orc, Grinder


Innate Abilities, Weirdness & Mutations

You have sharp fingernails.
You are partially covered in rugged brown scales. (AC +1, +3% HP)


Message History

You are too injured to fight recklessly!
You are too injured to fight recklessly!
You are too injured to fight recklessly!
You are too injured to fight recklessly!
You are too injured to fight recklessly!
You are too injured to fight recklessly!
You are too injured to fight recklessly!
You are too injured to fight recklessly!
You are too injured to fight recklessly!
You are too injured to fight recklessly!
Unknown command.
You barely miss Blork the orc.
Blork the orc is moderately wounded.
Blork the orc hits you with a +0 long sword!
* * * LOW HITPOINT WARNING * * *
You scratch Blork the orc.
Blork the orc is moderately wounded.
Blork the orc hits you with a +0 long sword!
* * * LOW HITPOINT WARNING * * *
You scratch Blork the orc.
Blork the orc is heavily wounded.
Blork the orc closely misses you.
Okay, then.
Okay, then.
You claw Blork the orc!
Blork the orc is severely wounded.
Blork the orc misses you.
You scratch Blork the orc but do no damage.
Blork the orc is severely wounded.
Blork the orc misses you.
You scratch Blork the orc.
Blork the orc is almost dead.
Blork the orc casts a spell at you.
The puff of flame is repelled.
You scratch Blork the orc but do no damage.
Blork the orc is almost dead.
Blork the orc suddenly jeers.
Blork the orc casts a spell at you. The puff of frost hits you!
You die...

#####...#.### #.........
#.....#.....####..#.....
#.###...#...............
##.##...####.#.####.
#.##..## #.#<# ##
##.##..#####.#.#
#.###..............#####
#.......................
#..##.o@#....##..##..<..
#.......#.##.....##.###.
#..#.##(......##.##.# #.
.. #. ..##..#....##.###.
# .. #.....#.##.##.....
..#.#.##. ...........#
.. #.....)##.#...#.####
##.>)..o#...#.#
#......##.....#.#


You could see Blork the orc.

Vanquished Creatures
  Duvessa (D:4)
  2 ogres (D:5)
  A kobold brigand (Sewer)
  A bombardier beetle (D:5)
  2 hounds (D:4)
  An orc priest (D:3)
  A jelly (D:4)
  A sleepcap (D:5)
  2 orc wizards (D:3)
  4 iguanas
  16 adders
  3 river rats (Sewer)
  2 dart slugs
  2 ribbon worms
  4 orcs
  15 ball pythons
  4 endoplasms
  5 giant cockroaches
  7 goblins
  6 hobgoblins
  2 jackals (D:4)
  9 quokkas
  3 bats
  2 frilled lizards
  22 kobolds
  32 rats
150 creatures vanquished.

Vanquished Creatures (others)
  An orc (D:5)
1 creature vanquished.

Grand Total: 151 creatures vanquished

Notes
Turn   | Place    | Note
-------+----------+-------------------------------------------
     0 | D:1      | Gadfly the Demonspawn Monk began the quest for the Orb.
     0 | D:1      | Reached XP level 1. HP: 18/18 MP: 1/1
   323 | D:1      | Gained mutation: You are partially covered in rugged brown
                  | scales. (AC +1, +3% HP) [demonic ancestry]
   323 | D:1      | Reached XP level 2. HP: 18/24 MP: 2/2
   458 | D:1      | Found a faded altar of an unknown god.
   511 | D:1      | Reached skill level 1 in Evocations
   788 | D:2      | Reached skill level 3 in Unarmed Combat
   788 | D:2      | Reached XP level 3. HP: 29/29 MP: 3/3
   837 | D:2      | Reached skill level 1 in Shapeshifting
  1025 | D:2      | Gained mutation: You have sharp fingernails. [demonic
                  | ancestry]
  1025 | D:2      | Reached XP level 4. HP: 23/36 MP: 4/4
  1630 | D:3      | Found a glowing drain.
  1700 | Sewer    | Entered a sewer
  1964 | Sewer    | Reached XP level 5. HP: 34/42 MP: 5/5
  2105 | Sewer    | Reached skill level 4 in Unarmed Combat
  2189 | Sewer    | Reached XP level 6. HP: 43/48 MP: 6/6
  2510 | D:3      | Found Ivvuri's Distillery.
  2518 | D:3      | Bought a potion of degeneration for 12 gold pieces
  2521 | D:3      | Bought a potion of attraction for 36 gold pieces
  3158 | D:4      | Noticed Dowan
  3159 | D:4      | Noticed Duvessa
  3182 | D:4      | Killed Duvessa
  3182 | D:4      | HP: 1/48 [Dowan/shard of ice (17)]
  3183 | D:4      | Reached XP level 7. HP: 1/53 MP: 7/7
  3189 | D:4      | Dowan changed into Dowan the hound
  3189 | D:4      | Noticed Dowan
  3202 | D:4      | HP: 2/53 [Dowan the hound (5)]
  3203 | D:4      | Killed Dowan the hound
  3706 | D:5      | Entered Level 5 of the Dungeon
  3707 | D:5      | Noticed Blork the orc
  3804 | D:5      | Found Xyoxavvin's CLEARANCE SALE!.
  4063 | D:5      | Found a staircase to the Ecumenical Temple.
  4067 | D:5      | Noticed Grinder
  4184 | D:5      | Reached skill level 5 in Unarmed Combat
  4309 | D:5      | Killed from afar by Blork the orc

Illustrated notes

Levels and vault maps discovered:
D:1:      nzn_arrival_depleted_hourglass, layout_loops_ring,
          shapermc_ecumenical_altar_mp_ritualfount
D:2:      layout_loops_ring, minmay_close_crescents
D:3:      layout_basic, gup_sewer_entry_pipe, serial_shops,
          nicolae_shop_hallway_plus
D:4:      layout_loops_ring, zin_treasury, uniq_duvessa
D:5:      layout_loops_ring, minmay_temple_entry_ruins, nicolae_shop_clearance,
          uniq_crazy_yiuf_cottage, uniq_blork_the_orc, uniq_grinder, uniq_edmund

Skill      XL: |  1  2  3  4  5  6  7 |
---------------+----------------------+-----
Evocations     | 1 2 3 4 |  4.1
Dodging        | 3 4 |  4.3
Unarmed Combat | 3 4 5 |  5.1
Shapeshifting  | 1 2 3 |  3.5
Fighting       | |  3.5

Action                     |  1- 3 |  4- 6 |  7- 9 || total
---------------------------+-------+-------+-------++-------
  Melee: Unarmed           |   131 |   297 |   147 ||   575
  Evoke: Wand              |       |     2 |     4 ||     6
    Use: Scroll            |     7 |     4 |       ||    11
         Potion            |       |     4 |     5 ||     9
 Armour: Robe              |    60 |   224 |    72 ||   356
  Dodge: Dodged            |    97 |   278 |   122 ||   497
         Repelled          |       |     3 |     3 ||     6
